 Dungeon Crawl Stone Soup version 0.18.1-48-g4cf74bf (webtiles) character file.

125 amialc the Charmwright (level 4, 0/23 HPs)
             Began as a Spriggan Skald on July 23, 2016.
             Slain by a worker ant (2 damage)
             ... on level 4 of the Dungeon on Aug 7, 2016.
             The game lasted 00:18:43 (2045 turns).

amialc the Charmwright (Spriggan Skald)             Turns: 2045, Time: 00:18:44

Health: 0/23       AC:  6    Str:  8    XL:     4   Next: 82%
Magic:  9/9        EV: 22    Int: 13    God:
Gold:   101        SH:  0    Dex: 16    Spells: 1 memorised, 8 levels left

rFire  . . .     SeeInvis +     w - +0 dagger
rCold  . . .     Gourm    .     b - +0 robe
rNeg   . . .     Faith    +     (shield restricted)
rPois  .         Spirit   .     (helmet restricted)
rElec  .         Dismiss  .     d - +0 cloak
rCorr  .         Reflect  .     (gloves unavailable)
SustAt .         Harm     .     (boots unavailable)
MR     .....                    u - amulet of faith
Stlth  ++........               t - +2 ring of evasion
                                f - +3 ring of protection

@: very quick, not resistant to hostile enchantments, unstealthy
A: unfitting armour, see invisible, herbivore 3, speed 3, slow metabolism 2
a: no special abilities


You were on level 4 of the Dungeon.
You were full.

You visited 1 branch of the dungeon, and saw 4 of its levels.

You collected 101 gold pieces.

Inventory:

Hand Weapons
 a - a +0 short sword
 g - a +0 short sword
 l - a +0 club
 w - a +0 dagger (weapon)
Missiles
 r - 37 stones (quivered)
 v - 11 arrows
Armour
 b - a +0 robe (worn)
 d - a +0 cloak (worn)
 o - a +0 scale mail
 y - a +0 chain mail
Jewellery
 f - a +3 ring of protection (left hand)
 t - a +2 ring of evasion (right hand)
 u - an amulet of faith (around neck)
Scrolls
 e - a scroll of blinking {unknown}
 h - a scroll of enchant weapon {unknown}
 k - a scroll of random uselessness {unknown}
Potions
 i - a potion of might
 p - a potion of resistance {unknown}
 q - a potion of degeneration {unknown}
 s - a potion of lignification {unknown}
 x - 2 potions of flight {unknown}
 z - a potion of heal wounds {unknown}
Books
 c - a book of Battle

   Spells                             Type                      Level
   a - Infusion                       Charms                       1
   b - Shroud of Golubria             Charms/Translocation         2
   c - Song of Slaying                Charms                       2
   d - Spectral Weapon                Hexes/Charms                 3
   e - Regeneration                   Charms/Necromancy            3
Comestibles
 j - a bread ration
 m - a slice of pizza
 n - 3 meat rations


   Skills:
 + Level 2.1 Fighting
 + Level 2.6 Short Blades
 + Level 5.1 Dodging
 + Level 0.9 Stealth
 + Level 3.1 Spellcasting
 + Level 5.3 Charms


You had 8 spell levels left.
You knew the following spells:

 Your Spells              Type           Power        Failure   Level  Hunger
a - Infusion              Chrm           ###.         2%          1    #......


Dungeon Overview and Level Annotations

Branches:
Dungeon (4/15)
 Temple: D:4-7

Altars:
Elyvilon
Nemelex Xobeh
Okawaru
Pakellas


Innate Abilities, Weirdness & Mutations

You are tiny and cannot use many weapons and most armour.
You have supernaturally acute eyesight.
You are a herbivore.
You cover ground extremely quickly.
You need consume almost no food.


Message History

* * * LOW HITPOINT WARNING * * *
You hit the worker ant but do no damage.
The worker ant is severely wounded.
The worker ant bites you.
* * * LOW HITPOINT WARNING * * *
You completely miss the worker ant.
The worker ant is severely wounded.
The worker ant barely misses you.
You hit the worker ant but do no damage.
The worker ant is severely wounded.
The worker ant completely misses you.
You hit the worker ant but do no damage.
The worker ant is severely wounded.
You hit the worker ant.
The worker ant is severely wounded.
The worker ant closely misses you. x2
You closely miss the worker ant.
The worker ant is severely wounded.
The worker ant bites you.
You die...

#... #..# #... #..
########### #..
.......<... #.#
#######.... #a# ##....
#@# #.##..... #.#
#.#...(.. #.# #..>.....
#.# #.#...... #.#
.#####.##.....
##.##...... ##....
##........# ##...
##############......####
##.#
#.......[...........#
#.#


You could see a worker ant.

Vanquished Creatures
  A hound skeleton (D:4)
  Robin (D:3)
  4 adders
  2 dart slugs (D:1)
  2 giant geckos
  3 orcs (D:3)
  2 giant cockroaches (D:4)
  9 goblins
  8 hobgoblins
  7 jackals (D:3)
  A quokka (D:2)
  8 bats
  A giant newt (D:3)
  A jackal skeleton (D:4)
  4 kobolds
  3 rats
  A plant (D:3)
58 creatures vanquished.

Notes
Turn   | Place    | Note
--------------------------------------------------------------
     0 | D:1      | amialc the Spriggan Skald began the quest for the Orb.
     0 | D:1      | Reached XP level 1. HP: 10/10 MP: 5/5
   332 | D:1      | Reached XP level 2. HP: 9/14 MP: 6/6
   520 | D:2      | Reached skill level 5 in Charms
   590 | D:2      | Reached XP level 3. HP: 18/18 MP: 8/8
   598 | D:2      | Found an iron altar of Okawaru.
   699 | D:2      | Found an oddly glowing altar of Pakellas.
   757 | D:2      | Found a sparkling altar of Nemelex Xobeh.
   920 | D:3      | Found a white marble altar of Elyvilon.
   920 | D:3      | Found an oddly glowing altar of Pakellas.
  1501 | D:3      | Noticed Robin
  1505 | D:3      | Reached XP level 4. HP: 11/23 MP: 9/9
  1544 | D:3      | Killed Robin
  1942 | D:4      | Reached skill level 5 in Dodging
  2045 | D:4      | Slain by a worker ant

Skill      XL: |  1  2  3  4 |
---------------+-------------+-----
Spellcasting   | 3 |  3.1
Charms         | 5 |  5.3
Dodging        | 4 5 |  5.1
Fighting       | 2 |  2.1
Short Blades   | |  2.6
Stealth        | |  0.9

Action                   |  1- 3 |  4- 6 || total
-------------------------+-------+-------++-------
Melee: Short sword       |    67 |       ||    67
       Dagger            |   297 |   194 ||   491
Throw: Stone             |       |     1 ||     1
  Use: Potion            |     1 |     2 ||     3
       Scroll            |     1 |       ||     1
 Stab: Sleeping          |     1 |       ||     1
  Eat: Bread ration      |     1 |       ||     1
Armor: Robe              |    33 |    22 ||    55
Dodge: Dodged            |   188 |   144 ||   332
